 Dungeon Crawl Stone Soup version 0.28.0-49-g6dfe1f597d (webtiles) character file.

Game seed: 15316346191436819972

114 nickcage the Stinger (level 4, 0/33 HPs)
             Began as a Draconian Venom Mage on May 17, 2022.
             Slain by a ball python (2 damage)
             ... on level 4 of the Dungeon.
             The game lasted 00:08:48 (3485 turns).

nickcage the Stinger (Draconian Venom Mage)         Turns: 3485, Time: 00:08:50

Health: 0/33       AC:  5    Str: 10    XL:     4   Next: 66%
Magic:  1/7        EV:  9    Int: 18    God:
Gold:   95         SH:  0    Dex: 11    Spells: 1/7 levels left

rFire   . . .      SeeInvis .   m - +4 dagger
rCold   . . .      Faith    .   (no shield)
rNeg    . . .      Spirit   .   (armour unavailable)
rPois   .          Reflect  .   (helmet restricted)
rElec   .          Harm     .   (no cloak)
rCorr   .          Rampage  .   (no gloves)
Will    .....                   (no boots)
Stlth   ++........              (no amulet)
HPRegen 0.11/turn               (no ring)
MPRegen 0.10/turn               (no ring)

@: mighty, constricted
A: AC +5, unfitting armour, cold-blooded
a: no special abilities


You were on level 4 of the Dungeon.
You visited 1 branch of the dungeon, and saw 4 of its levels.

You collected 95 gold pieces.

Inventory:

Hand Weapons
 a - a +0 short sword
 d - a +3 short sword
 h - a +2 falchion of holy wrath
 m - a +4 dagger (weapon)
Jewellery
 i - an amulet of faith
Wands
 n - a wand of paralysis (8)
Scrolls
 b - a scroll of holy word {unknown}
 c - a scroll of enchant weapon {unknown}
 e - 5 scrolls of teleportation {unknown}
 j - a scroll of identify {unknown}
 k - a scroll of noise {unknown}
Potions
 g - a potion of flight {unknown}
 l - a potion of resistance {unknown}


   Skills:
 - Level 0.1 Short Blades
 - Level 1.7 Dodging
 - Level 2.0 Stealth
 - Level 2.0 Spellcasting
 * Level 0.8 Conjurations
 - Level 1.0 Transmutations
 * Level 0.4 Air Magic
 + Level 5.1 Poison Magic


You had one spell level left.
You knew the following spells:

 Your Spells              Type           Power      Damage    Failure   Level
a - Sting                 Tmut/Pois      48%        1d5       4%          1
b - Poisonous Vapours     Pois/Air       22%        N/A       9%          2
c - Mephitic Cloud        Conj/Pois/Air  9%         N/A       22%         3

Your spell library contained the following spells:

 Spells                   Type           Power      Damage    Failure   Level
 Spider Form              Tmut/Pois      12%        N/A       16%         3
 Olgreb's Toxic Radiance  Pois           20%        N/A       22%         4
 Ensorcelled Hibernation  Hex/Ice        2%         N/A       26%         2
 Anguish                  Hex/Necr       0%         N/A       87%         4


Dungeon Overview and Level Annotations

Branches:
Dungeon (4/15)
 Temple: D:4-7

Altars:
The Shining One

Shops:
D:2 [


Innate Abilities, Weirdness & Mutations

Your plain brown scales are hard. (AC +5)
You cannot fit into any form of body armour.
You are cold-blooded and may be slowed by cold attacks.


Message History

The ball python completely misses you. The ball python grabs you.
The ball python constricts you. The scorpion stings you!
You are poisoned.
The scorpion poisons you!
You escape the ball python's grasp.
You feel very sick.
You feel sick.
You feel sick.
You feel sick.
The scorpion looks more healthy.
The sting misses the scorpion.
You feel sick. The scorpion stings you.
The ball python bites you but does no damage.
The ball python grabs you. The ball python constricts you.
The scorpion stings you.
* * * LOW HITPOINT WARNING * * *
You are too injured to fight recklessly!
Aiming: Sting (safe; 4% risk of failure)
Press: ? - help, Q - select action, (/) - cycle Shift-Dir - straight line, f/p - scorpion
Aim: a scorpion (almost dead, 71% to hit)
The sting misses the scorpion.
You feel sick.
The ball python bites you but does no damage.
The ball python constricts you.
* * * LOW HITPOINT WARNING * * *
The scorpion stings you.
* * * LOW HITPOINT WARNING * * *
You escape the ball python's grasp.
You feel sick.
It was a potion of might.
You feel very mighty all of a sudden.
You feel sick.
You are no longer poisoned.
The ball python bites you but does no damage.
The ball python grabs you. The ball python constricts you.
* * * LOW HITPOINT WARNING * * *
Aiming: Sting (safe; 4% risk of failure)
Press: ? - help, Q - select action, (/) - cycle Shift-Dir - straight line, f/p - scorpion
Aim: a scorpion (almost dead, 71% to hit)
The sting misses the ball python.
The sting misses the scorpion.
The ball python completely misses you. The ball python constricts you.
The ball python bites you.
You die...

#.# ...... #.# ......
#.# #...# #.#####
.###...#########.....#
...............#####.#
...............# #.#
#..............#####.#
..............sS@....#
........##############
........# ........#
........# ...#....#
....#+#.# ###. #.#


You could see a scorpion and a ball python.

Vanquished Creatures
  Robin (D:2)
  A gnoll (D:1)
  2 adders (D:2)
  A worm (D:3)
  2 dart slugs (D:1)
  An orc (D:3)
  6 ball pythons
  6 endoplasms
  A giant cockroach (D:1)
  13 goblins
  10 hobgoblins
  8 bats
  A frilled lizard (D:3)
  5 kobolds
  2 rats
60 creatures vanquished.

Notes
Turn   | Place    | Note
-------+----------+-------------------------------------------
     0 | D:1      | nickcage the Draconian Venom Mage began the quest for the
                  | Orb.
     0 | D:1      | Reached XP level 1. HP: 14/14 MP: 3/3
   272 | D:1      | Reached XP level 2. HP: 19/20 MP: 0/5
   642 | D:1      | Reached skill level 4 in Poison Magic
   872 | D:1      | Reached XP level 3. HP: 24/26 MP: 0/6
  1011 | D:1      | Found a faded altar of an unknown god.
  1579 | D:2      | Found Tedoyst's Armour Emporium.
  1731 | D:2      | Noticed Robin
  1808 | D:2      | Learned a level 2 spell: Poisonous Vapours
  1812 | D:2      | Learned a level 3 spell: Mephitic Cloud
  1831 | D:2      | Killed Robin
  1834 | D:2      | Reached XP level 4. HP: 28/33 MP: 0/7
  2079 | D:2      | Found a glowing golden altar of the Shining One.
  2489 | D:3      | Reached skill level 5 in Poison Magic
  3467 | D:4      | Noticed a scorpion
  3485 | D:4      | Slain by a ball python

Illustrated notes

Levels and vault maps discovered:
D:1:      dpeg_arrival_windows_large_door, layout_basic,
          ebering_ecumenical_altar_webs
D:2:      layout_basic, basic_altar, serial_shops, nicolae_shop_crystal,
          uniq_robin
D:3:      layout_basic
D:4:      layout_basic, minivault_4

Skill      XL: |  1  2  3  4 |
---------------+-------------+-----
Stealth        | 2 |  2.0
Poison Magic   | 4 5 |  5.1
Short Blades   | |  0.1
Dodging        | |  1.7
Spellcasting   | |  2.0
Conjurations   | |  0.8
Transmutations | |  1.0
Air Magic      | |  0.4

Action                   |  1- 3 |  4- 6 || total
-------------------------+-------+-------++-------
Melee: Short sword       |    11 |    12 ||    23
       Unarmed           |     1 |       ||     1
       Dagger            |       |     6 ||     6
 Cast: Sting             |    73 |    63 ||   136
  Use: Potion            |       |     1 ||     1
Armor: Skin              |    10 |    19 ||    29
Dodge: Dodged            |    24 |    47 ||    71
